 Dungeon Crawl Stone Soup version 0.17.1-3-g152610e (webtiles) character file.

3012 schauveau the Cleaver (level 9, 0/88 HPs)
             Began as a Gargoyle Berserker on Mar 29, 2016.
             Was an Elder of Trog.
             Slain by a wolf (1 damage)
             ... led by Grum
             ... on level 7 of the Dungeon.
             The game lasted 00:17:38 (7882 turns).

schauveau the Cleaver (Gargoyle Berserker)          Turns: 7882, Time: 00:17:39

Health: 0/88       AC: 24    Str: 23    XL:     9   Next: 84%
Magic:  9/9        EV:  2    Int:  9    God:    Trog [****..]
Gold:   600        SH:  0    Dex:  9    Spells: 0 memorised, 8 levels left

rFire  . . .     SeeInvis .     I - +0 broad axe
rCold  . . .     Clarity  .     (armour currently unavailable)
rNeg   + + +     SustAt   .     (no shield)
rPois  ∞         Gourm    .     (helmet currently unavailable)
rElec  .         Spirit   .     (cloak currently unavailable)
rCorr  .         Warding  +     (gloves currently unavailable)
rMut   .         NoTele   +     (boots currently unavailable)
MR     .....                    P - amulet of warding
Stlth  +.........               (no ring)
                                q - ring of positive energy

@: tree-form, not resistant to hostile enchantments, very unstealthy
A: negative energy resistance 1, (electricity resistance), (unbreathing),
petrification resistance, rot immunity, AC +5
a: Berserk, Trog's Hand, Brothers in Arms, Burn Spellbooks, Renounce Religion


You were on level 7 of the Dungeon.
You worshipped Trog.
Trog was greatly pleased with you.
You were not hungry.
You were a tree.
You visited 2 branches of the dungeon, and saw 9 of its levels.

You collected 600 gold pieces.

Inventory:

Hand Weapons
 a - a +2 hand axe
 C - a +0 dire flail
 I - a +0 broad axe (weapon)
Missiles
 t - 7 tomahawks of dispersal (quivered)
 K - 5 curare-tipped needles
Armour
 j - a +0 pair of boots (melded)
 y - a +0 cloak (melded)
 G - a +0 chain mail (melded)
Jewellery
 q - a ring of positive energy (left branch)
 P - an amulet of warding (around neck)
Wands
 i - a wand of frost (25)
 s - a wand of slowing (21)
 F - a wand of flame (33)
 N - a wand of polymorph (7)
 O - a wand of fire (10)
Scrolls
 b - 6 scrolls of identify {unknown}
 d - 2 scrolls of immolation {unknown}
 g - a scroll of brand weapon {unknown}
 h - 5 scrolls of magic mapping {unknown}
 o - 3 scrolls of fear {unknown}
 r - 2 scrolls of amnesia {unknown}
 v - a scroll of noise {unknown}
 w - 6 scrolls of blinking {unknown}
 x - 2 scrolls of remove curse {unknown}
 E - a scroll of enchant armour {unknown}
 H - 2 scrolls of recharging {unknown}
 J - a scroll of random uselessness {unknown}
Potions
 e - a potion of lignification
 f - 2 potions of brilliance {unknown}
 l - a potion of poison {unknown}
 m - 2 potions of haste {unknown}
 n - a potion of resistance
 p - a potion of curing {unknown}
 u - a potion of degeneration {unknown}
 A - a potion of might {unknown}
 B - a potion of heal wounds {unknown}
 D - a potion of cancellation {unknown}
 Q - a potion of magic {unknown}
Books
 z - Sif Muna's Grimoire of Conjuration and the Blaze
   (You found it on level 5 of the Dungeon)

   Spells                             Type                      Level
   a - Flame Tongue                   Conjuration/Fire             1
   b - Throw Flame                    Conjuration/Fire             2
   c - Bolt of Magma                  Conjuration/Fire/Earth       5
   d - Delayed Fireball               Conjuration/Fire             7
   Trog disapproves of the use of such an item.
Comestibles
 c - 3 bread rations
 k - a meat ration
 M - a beef jerky


   Skills:
 + Level 8.2 Fighting
 * Level 9.0 Axes
 + Level 7.6 Armour
 - Level 1.7 Dodging


You had 8 spell levels left.
You didn't know any spells.

Dungeon Overview and Level Annotations

Branches:
Dungeon (8/15)             Temple (1/1) D:5
   Lair: D:8-11

Altars:
Ashenzari
Cheibriados
Dithmenos
Elyvilon
Fedhas
Gozag
Kikubaaqudgha
Makhleb
Nemelex Xobeh
Okawaru
Qazlal
Ru
Sif Muna
Trog
Vehumet
Xom
Yredelemnul
Zin
The Shining One

Shops:
D:7 }


Innate Abilities, Weirdness & Mutations

You are resistant to torment.
((Your stone body is resilient (AC +5).))
You are immune to poison.
You resist negative energy.
((You are resistant to electric shocks.))
((You can survive without breathing.))
You are immune to petrification.
You are immune to rotting.


Message History

You slash the wolf!
The wolf is heavily wounded.
The wolf barely misses you. The wolf bites you.
* * * LOW HITPOINT WARNING * * *
You miss the wolf.
The wolf is heavily wounded.
The wolf bites you.
* * * LOW HITPOINT WARNING * * *
The wolf barely misses you.
You completely miss the wolf.
The wolf is heavily wounded.
The wolf bites you.
* * * LOW HITPOINT WARNING * * *
Drink which item? (? for menu, Esc to quit)
It was a potion of lignification.
You turn into a tree.
Your +0 cloak melds into your body.
Your +0 pair of boots melds into your body.
Your +0 chain mail melds into your body.
Your roots penetrate the ground.
The wolf bites you.
You die...

##..............
####...........
#............ ######
#............ #....#
#............ #....#
##............ #....#
##.[...........
#....###..............
#....♣h...............
#....################.
#....# #. #....# ##
######


You could see a wolf.

Vanquished Creatures
  Grinder (D:4)
  A deep elf mage (D:7)
  Sigmund (D:4)
  Grum (D:8)
  A wolf (D:8)
  Menkaure (D:6)
  2 ice beasts
  An orc warrior (D:6)
  A centaur (D:7)
  2 ogres
  A big kobold (D:4)
  2 giant frogs
  3 scorpions
  A killer bee (D:8)
  7 wights
  2 giant frog zombies (D:6)
  A wasp zombie (D:6)
  4 crimson imps
  A giant frog skeleton (D:4)
  4 hounds
  2 iguanas
  Crazy Yiuf (D:4)
  4 orc wizards (D:7)
  A centaur skeleton (D:5)
  An orc priest (D:5)
  5 worker ants
  4 adders
  A gnoll (D:4)
  A shadow imp (D:4)
  An adder skeleton (D:5)
  3 worms
  3 giant geckos
  12 orcs
  6 bats
  2 giant cockroaches
  7 hobgoblins
  12 jackals
  4 quokkas
  A ball python (D:4)
  A giant cockroach zombie (D:5)
  A giant gecko skeleton (D:5)
  11 giant newts
  4 goblins
  A jackal zombie (D:5)
  25 kobolds
  A quokka skeleton (D:4)
  11 rats
164 creatures vanquished.

Notes
Turn   | Place    | Note
--------------------------------------------------------------
     0 | D:1      | schauveau the Gargoyle Berserker began the quest for the Orb.
     0 | D:1      | Reached XP level 1. HP: 14/14 MP: 1/1
   175 | D:1      | Reached XP level 2. HP: 16/19 MP: 2/2
   626 | D:1      | Reached ** piety under Trog
   653 | D:2      | Reached XP level 3. HP: 20/24 MP: 3/3
  1321 | D:2      | Reached skill level 4 in Fighting
  1689 | D:3      | Found a basalt altar of Yredelemnul.
  1691 | D:3      | Noticed a profane servitor
  1701 | D:3      | Found a glowing golden altar of the Shining One.
  1705 | D:3      | Noticed an angel
  1715 | D:3      | Found a shimmering altar of Xom.
  1729 | D:3      | Reached XP level 4. HP: 29/29 MP: 4/4
  1972 | D:3      | Found a white marble altar of Elyvilon.
  2393 | D:4      | Noticed an ogre
  2397 | D:4      | Noticed Sigmund
  2413 | D:4      | Killed an ogre
  2413 | D:4      | Reached XP level 5. HP: 28/34 MP: 5/5
  2613 | D:4      | Killed Sigmund
  2613 | D:4      | Reached skill level 5 in Fighting
  2613 | D:4      | Reached XP level 6. HP: 9/40 MP: 6/6
  2661 | D:5      | Entered Level 5 of the Dungeon
  2677 | D:4      | Noticed Grinder
  2712 | D:4      | Paralysed by Grinder for 2 turns
  2717 | D:4      | Killed Grinder
  2717 | D:4      | Reached skill level 5 in Axes
  2717 | D:4      | Reached XP level 7. HP: 16/44 MP: 7/7
  2726 | D:5      | Found a staircase to the Ecumenical Temple.
  2940 | D:4      | Found a shadowy altar of Dithmenos.
  3199 | D:4      | Noticed a big kobold
  3229 | D:4      | Reached *** piety under Trog
  3253 | D:4      | Killed a big kobold
  3655 | D:4      | Found a snail-covered altar of Cheibriados.
  3748 | D:4      | Noticed Crazy Yiuf
  3751 | D:4      | Paralysed by Crazy Yiuf for 6 turns
  3759 | D:4      | Paralysed by Crazy Yiuf for 7 turns
  3768 | D:4      | Killed Crazy Yiuf
  4075 | D:5      | Reached skill level 5 in Armour
  4084 | D:5      | Reached skill level 6 in Axes
  4161 | D:5      | Identified Sif Muna's Grimoire of Conjuration and the Blaze
  4212 | Temple   | Entered the Ecumenical Temple
  4422 | D:5      | Found a shattered altar of Ashenzari.
  4490 | D:5      | Reached XP level 8. HP: 47/51 MP: 8/8
  4590 | D:5      | Found a glowing silver altar of Zin.
  4702 | D:5      | Found a glowing golden altar of the Shining One.
  5638 | D:7      | Reached skill level 7 in Axes
  5781 | D:6      | Noticed Menkaure
  5783 | D:6      | Reached XP level 9. HP: 18/57 MP: 9/9
  6216 | D:6      | Killed Menkaure
  6406 | D:6      | Found a blossoming altar of Fedhas.
  6410 | D:6      | Noticed a moth of wrath
  6416 | D:6      | Found a bloodstained altar of Trog.
  6648 | D:6      | Reached **** piety under Trog
  6656 | D:6      | Reached skill level 8 in Axes
  7193 | D:7      | Found a sparkling altar of Nemelex Xobeh.
  7289 | D:7      | Received a gift from Trog
  7351 | D:7      | Noticed a deep elf mage
  7361 | D:7      | Killed a deep elf mage
  7466 | D:7      | Found Qomisutinn's Gadget Shop.
  7837 | D:8      | Noticed Grum
  7858 | D:8      | Killed Grum
  7864 | D:8      | Reached skill level 9 in Axes
  7881 | D:7      | HP: 1/59 [wolf[Grum] (6)]
  7882 | D:7      | Slain by a wolf

Action                   |  1- 3 |  4- 6 |  7- 9 || total
-------------------------+-------+-------+-------++-------
Melee: Hand axe          |   123 |    73 |   482 ||   678
       Broad axe         |       |       |    93 ||    93
Throw: Tomahawk          |       |       |     1 ||     1
Invok: Berserk           |       |     3 |     2 ||     5
  Use: Potion            |       |       |     1 ||     1
 Stab: Sleeping          |     1 |       |       ||     1
       Invisible         |       |       |     2 ||     2
  Eat: Chunk             |     2 |     3 |    12 ||    17
       Fruit             |       |     2 |       ||     2
       Beef jerky        |       |     1 |     1 ||     2
       Pizza             |       |       |     1 ||     1
       Meat ration       |       |       |     1 ||     1
